 Dungeon Crawl Stone Soup version 0.31-a0-523-g071a6c1ffa (webtiles) character file.

Game seed: 15457395946782722462

111 BritishOli the Trooper (level 4, 0/37 HPs)
             Began as a Demonspawn Fighter on Aug 11, 2023.
             Slain by Grinder the chaos spawn (8 damage)
             ... on level 3 of the Dungeon.
             The game lasted 00:01:49 (1461 turns).

BritishOli the Trooper (Demonspawn Fighter)         Turns: 1461, Time: 00:01:50

Health: 0/37       AC: 11    Str: 18    XL:     4   Next: 62%
Magic:  4/4        EV: 10    Int:  9    God:
Gold:   139        SH:  4    Dex: 13    Spells: 3/3 levels left

rFire   . . .        a - +0 war axe
rCold   . . .        c - +0 buckler
rNeg    . . .        o - +0 plate armour
rPois   .            (helmet restricted)
rElec   .            (no cloak)
rCorr   .            (no gloves)
SInv    .            (no boots)
Will    .....        (no amulet) Stlth
                     f - +5 ring of evasion
HPRegen 0.26/turn    (no ring)
MPRegen 0.09/turn

%: no passive effects
@: no status effects
A: horns 1
a: no special abilities


You were on level 3 of the Dungeon.
You visited 1 branch of the dungeon, and saw 3 of its levels.

You collected 139 gold pieces.

Inventory:

Hand Weapons
 a - a +0 war axe (weapon)
Missiles
 m - a throwing net
Armour
 c - a +0 buckler (worn)
 o - a +0 plate armour (worn)
Jewellery
 f - a +5 ring of evasion (left hand)
Wands
 l - a wand of polymorph (5)
Scrolls
 i - a scroll of poison {unknown}
 j - 4 scrolls of identify {unknown}
 k - a scroll of enchant armour {unknown}
 n - a scroll of teleportation {unknown}
 p - a scroll of amnesia {unknown}
 q - a scroll of blinking {unknown}
Potions
 b - a potion of brilliance {unknown}
 d - a potion of might
 e - 2 potions of ambrosia {unknown}
 g - a potion of haste {unknown}
 h - a potion of enlightenment {unknown}


   Skills:
 * Level 4.0 Fighting
 * Level 3.0 Axes
 + Level 3.2 Armour
 - Level 3.0 Shields


You had 3 spell levels left.
You didn't know any spells.
Your spell library contained the following spells:

 Spells                   Type           Power      Damage    Failure   Level
 Ensorcelled Hibernation  Hex/Ice        0%         N/A       100%        2
 Sublimation of Blood     Necr           0%         N/A       100%        2
 Wereblood                Tmut           0%         N/A       100%        2
 Ozocubu's Armour         Ice            0%         N/A       100%        3
 Simulacrum               Ice/Necr       0%         N/A       100%        6
 Summon Hydra             Summ           0%         N/A       100%        7
 Polar Vortex             Ice            0%         N/A       100%        9


Dungeon Overview and Level Annotations

Branches:
Dungeon (3/15)

Altars:
Qazlal

Annotations:
D:3 Grinder


Innate Abilities, Weirdness & Mutations

You have a pair of small horns on your head.


Message History

You can move again.
Grinder blinks!
Grinder blinks!
You hit Grinder. You headbutt Grinder, but do no damage.
Grinder is severely wounded.
Grinder barely misses you. You block Grinder's attack.
You barely miss Grinder.
Grinder is severely wounded.
Grinder blinks!
Grinder gestures at you. You resist with significant effort.
You hit Grinder but do no damage.
Grinder is severely wounded.
Grinder says, "Just stop there for a second..."
Grinder gestures at you.
You suddenly lose the ability to move!
Grinder hits you but does no damage. Grinder hits you. Grinder gestures at you.
Pain shoots through your body!
You can move again.
You slash Grinder! Your headbutt misses Grinder.
Grinder is almost dead.
Grinder blinks!
Grinder gestures at you.
You barely resist.
Aiming: Polymorph
Press: ? - help, Shift-Dir - straight line, f - Grinder
Aim: Grinder (almost dead, will become a quasit, a chaos spawn, or a hellwing, chance to affect: 49%) Grinder evaporates and reforms as a chaos spawn!
You closely miss Grinder. You headbutt Grinder, but do no damage.
Grinder is almost dead.
Grinder barely misses you.
You barely miss Grinder. You headbutt Grinder, but do no damage.
Grinder is almost dead.
Grinder splatters into many small globs of multi-coloured light, then recombines.
Grinder hits you!
* * * LOW HITPOINT WARNING * * *
Grinder shocks you!
You die...

#...... ###########
#...... #.........#
#...... #.........#
#...... #.........#
#...... #.........#
#......
#.........###.....†
#............####..
#.@4...............
#.........##.####..
#.........##....#..
#.........#####....
########### ###..
########..
#.........
#.........
#.......##


You could see Grinder the chaos spawn.

Vanquished Creatures
  Robin (D:3)
  3 gnolls (D:2)
  An adder (D:2)
  2 dart slugs
  4 ball pythons
  4 bats (D:1)
  4 endoplasms
  5 giant cockroaches
  12 goblins
  4 hobgoblins
  4 jackals (D:1)
  A quokka (D:1)
  A frilled lizard (D:3)
  4 kobolds (D:1)
  3 rats
53 creatures vanquished.

Notes
Turn   | Place    | Note
-------+----------+-------------------------------------------
     0 | D:1      | BritishOli the Demonspawn Fighter began the quest for the
                  | Orb.
     0 | D:1      | Reached XP level 1. HP: 18/18 MP: 1/1
    75 | D:1      | Discovered your monstrous ancestry.
    75 | D:1      | Gained mutation: You have a pair of small horns on your
                  | head. [demonic ancestry]
    75 | D:1      | Reached XP level 2. HP: 24/24 MP: 2/2
   312 | D:1      | Got Qunwilef's Precepts of the Deep Freeze
   369 | D:1      | Found a faded altar of an unknown god.
   417 | D:1      | Reached XP level 3. HP: 29/29 MP: 3/3
   792 | D:2      | Reached XP level 4. HP: 20/37 MP: 4/4
   950 | D:2      | You fall into a shaft and drop 1 floor!
  1173 | D:3      | Found a stormy altar of Qazlal.
  1186 | D:3      | Noticed Robin
  1214 | D:3      | Killed Robin
  1215 | D:3      | Reached skill level 4 in Fighting
  1432 | D:3      | Noticed Grinder
  1444 | D:3      | Paralysed by Grinder for 2 turns
  1453 | D:3      | Paralysed by Grinder for 4 turns
  1459 | D:3      | Grinder changed into Grinder the chaos spawn
  1459 | D:3      | Noticed Grinder
  1461 | D:3      | Slain by Grinder the chaos spawn

Illustrated notes

Levels and vault maps discovered:
D:1:      sevenhm_arrival_forest_fort_large_3, layout_rooms,
          hellmonk_ecumenical_altar_crossroads
D:2:      layout_rooms, basic_altar, grunt_ministairs_1, uniq_natasha
D:3:      layout_rooms, nicolae_qazlal_scattered_showers, uniq_robin,
          uniq_grinder

Skill      XL: |  1  2  3  4 |
---------------+-------------+-----
Axes           | 2 3 |  3.0
Shields        | 3 |  3.0
Armour         | 3 |  3.2
Fighting       | 4 |  4.0

Action                     |  1- 3 |  4- 6 || total
---------------------------+-------+-------++-------
  Melee: War axe           |    88 |    59 ||   147
         Headbutt          |    15 |    16 ||    31
  Evoke: Wand              |       |     1 ||     1
 Armour: Scale mail        |    45 |     2 ||    47
         Plate armour      |       |    31 ||    31
  Dodge: Dodged            |    43 |    25 ||    68
  Block: Buckler           |    18 |    12 ||    30

Table legend: (Time is in decaauts)
 A = Elapsed time spent in this place.
 B = Non-inter-level travel time spent in this place.
 C = Inter-level travel time spent in this place.
 D = Time resting spent in this place.
 E = Time spent auto-exploring this place.
 F = Levels seen in this place.
 G = Mean time per level.
                   A        B        C        D        E       F      G
               +--------+--------+--------+--------+--------+-----+--------+
         Total |   1520 |   1406 |    114 |    183 |    859 |   3 |  506.7 |
       Dungeon |   1520 |   1406 |    114 |    183 |    859 |   3 |  506.7 |
               +--------+--------+--------+--------+--------+-----+--------+

Top non-repeatable levels by time:
     D:1: 655 daAuts
     D:3: 531 daAuts
     D:2: 333 daAuts
